HBL
SPOKANE RIVER RATS @ TACOMA RAINIERS
04/04/1997
 
TOP OF THE 1ST
Spokane River Rats batting - Pitching for Tacoma Rainiers : RHP Brad Rigby
Pitching: RHP Brad Rigby
Batting: SHB Chuck Carr 0-0: Called Strike
0-1: Ball
1-1: Fly out, F7 (Flyball, 7LMF, EV 94.4 MPH)
Batting: LHB Andy Fox 0-0: Ball
1-0: SINGLE (Line Drive, 7S, EV 92.5 MPH)
Batting: LHB Michael Tucker 0-0: Called Strike
0-1: Called Strike
0-2: Ball
1-2: Ball
2-2: Foul Ball, location: 2F
2-2: Foul Ball, location: 2F
2-2: Fly out, F7 (Flyball, 78M, EV 95.0 MPH)
Batting: SHB Gene Kingsale 0-0: Ball
1-0: Called Strike
Andy Fox steals 2nd base
1-1: Foul Ball, location: 2F
1-2: Fly out, F8 (Line Drive, 8RD, EV 95.0 MPH)
Top of the 1st over - 0 runs, 1 hit, 0 errors, 1 left on base; Spokane 0 - Tacoma 0
BOTTOM OF THE 1ST
Tacoma Rainiers batting - Pitching for Spokane River Rats : LHP Scott Eyre
Pitching: LHP Scott Eyre
Batting: SHB Chad Fonville 0-0: Ball
1-0: Swinging Strike
1-1: Called Strike
1-2: Foul Ball, location: 2F
1-2: Ball
2-2: Foul Ball, location: 2F
2-2: SINGLE (Line Drive, 6MD, EV 93.8 MPH)
Batting: RHB Jose Guillen 0-0: Fly out, F7 (Flyball, 7, EV 89.4 MPH)
Batting: RHB Russ Davis 0-0: Ball
1-0: Ball
2-0: Called Strike
2-1: Ball
3-1: Foul Ball, location: 2F
3-2: SINGLE (Groundball, 56D, EV 96.9 MPH)
Chad Fonville to second
Chad Fonville to third
Batting: SHB Micah Franklin 0-0: Ball
1-0: Ball
2-0: Swinging Strike
2-1: Called Strike
2-2: Strikes out swinging
Batting: LHB Chito Martinez 0-0: Foul Ball, location: 2F
0-1: Fielders Choice at 2nd, U4 (Groundball, 4M, EV 81.3 MPH)
Bottom of the 1st over - 0 runs, 2 hits, 0 errors, 2 left on base; Spokane 0 - Tacoma 0
TOP OF THE 2ND
Spokane River Rats batting - Pitching for Tacoma Rainiers : RHP Brad Rigby
Batting: RHB Tony Rodriguez 0-0: Ball
1-0: Swinging Strike
1-1: Ball
2-1: Ball
3-1: SINGLE (Line Drive, 34D, EV 96.9 MPH)
Batting: SHB Luis M. Lopez 0-0: Called Strike
0-1: Ball
1-1: Ball
2-1: Fly out, F2 (Popup, 25F, EV 81.3 MPH)
Batting: RHB Mark Dalesandro 0-0: Ball
1-0: Swinging Strike
1-1: Fly out, F9 (Flyball, 9S, EV 78.8 MPH)
Batting: SHB Doug Brady 0-0: Swinging Strike
0-1: Fly out, F6 (Line Drive, 6, EV 68.8 MPH)
Top of the 2nd over - 0 runs, 1 hit, 0 errors, 1 left on base; Spokane 0 - Tacoma 0
BOTTOM OF THE 2ND
Tacoma Rainiers batting - Pitching for Spokane River Rats : LHP Scott Eyre
Batting: RHB Joe Girardi 0-0: Ball
1-0: Ball
2-0: Ball
3-0: Called Strike
3-1: Called Strike
3-2: Base on Balls
Batting: LHB Daryl Boston 0-0: Ball
1-0: Foul Ball, location: 2F
1-1: Fly out, F8 (Flyball, 8RD, EV 90.0 MPH)
Batting: RHB Eric Young 0-0: Ball
1-0: Foul Ball, location: 2F
1-1: Fly out, F8 (Line Drive, 8RM, EV 89.4 MPH)
Batting: RHB Ron Coomer 0-0: Foul Ball, location: 2F
0-1: Foul Ball, location: 2F
0-2: DOUBLE (Line Drive, 78M, EV 90.6 MPH)
Joe Girardi to third
Runner from 3rd tries for Home, SAFE, no throw by CF
Batting: SHB Chad Fonville 0-0: Ball
1-0: Ball
2-0: Ball
3-0: Called Strike
3-1: Swinging Strike
3-2: Ground out 5-3 (Groundball, 56, EV 75.6 MPH)
Bottom of the 2nd over - 1 run, 1 hit, 0 errors, 1 left on base; Spokane 0 - Tacoma 1
TOP OF THE 3RD
Spokane River Rats batting - Pitching for Tacoma Rainiers : RHP Brad Rigby
Batting: RHB Jose Lind 0-0: Ground out 4-3 (Groundball, 4S, EV 65.0 MPH)
Batting: SHB Chuck Carr 0-0: Ball
1-0: Called Strike
1-1: Ball
2-1: Ball
3-1: Reached on error, E4 (Groundball, 4, EV 83.1 MPH)
Batting: LHB Andy Fox 0-0: Swinging Strike
0-1: Ball
1-1: Ball
2-1: Ground out U3 (Groundball, 3, EV 103.8 MPH)
Chuck Carr to third
Batting: LHB Michael Tucker 0-0: Ball
1-0: Fly out, F2 (Popup, 25F, EV 96.3 MPH)
Top of the 3rd over - 0 runs, 0 hits, 1 error, 1 left on base; Spokane 0 - Tacoma 1
BOTTOM OF THE 3RD
Tacoma Rainiers batting - Pitching for Spokane River Rats : LHP Scott Eyre
Batting: RHB Jose Guillen 0-0: Foul Ball, location: 2F
0-1: Foul Ball, location: 2F
0-2: Foul Ball, location: 2F
0-2: Strikes out swinging
Batting: RHB Russ Davis 0-0: Called Strike
0-1: Ball
1-1: Ball
2-1: Foul Ball, location: 2F
2-2: Strikes out swinging
Batting: SHB Micah Franklin 0-0: Swinging Strike
0-1: Ball
1-1: Ball
2-1: Ball
3-1: Foul Ball, location: 2F
3-2: Strikes out swinging
Bottom of the 3rd over - 0 runs, 0 hits, 0 errors, 0 left on base; Spokane 0 - Tacoma 1
TOP OF THE 4TH
Spokane River Rats batting - Pitching for Tacoma Rainiers : RHP Brad Rigby
Batting: SHB Gene Kingsale 0-0: Ball
1-0: Ball
2-0: Ball
3-0: Base on Balls
Batting: RHB Tony Rodriguez 0-0: Ball
1-0: Ball
2-0: SINGLE (Line Drive, 8RM, EV 109.4 MPH)
Gene Kingsale to second
Batting: SHB Luis M. Lopez 0-0: Fielders Choice at 2nd, 1-6 (Groundball, P, EV 87.5 MPH)
Gene Kingsale to third
Batting: RHB Mark Dalesandro 0-0: Foul Ball, location: 2F
0-1: Ball
1-1: Called Strike
1-2: SINGLE (Flyball, 9S, EV 90.6 MPH)
Gene Kingsale scores
Luis M. Lopez to second
Batting: SHB Doug Brady 0-0: Fly out, F9 (Flyball, 9LS, EV 71.9 MPH)
Batting: RHB Jose Lind 0-0: Foul Ball, location: 2F
0-1: Ball
1-1: Ball
2-1: Foul Ball, location: 2F
2-2: Ball
3-2: Foul Ball, location: 2F
3-2: SINGLE (Line Drive, 8RS, EV 98.8 MPH)
Luis M. Lopez to third
Mark Dalesandro to second
Luis M. Lopez scores
Mark Dalesandro to third
Batting: SHB Chuck Carr 0-0: Swinging Strike
0-1: Foul Ball, location: 2F
0-2: Ball
1-2: Ball
2-2: Ball
3-2: Ground out 4-3 (Groundball, 34, EV 79.4 MPH)
Top of the 4th over - 2 runs, 3 hits, 0 errors, 2 left on base; Spokane 2 - Tacoma 1
BOTTOM OF THE 4TH
Tacoma Rainiers batting - Pitching for Spokane River Rats : LHP Scott Eyre
Batting: LHB Chito Martinez 0-0: Ground out 6-3 (Groundball, 56, EV 109.4 MPH)
Batting: RHB Joe Girardi 0-0: Ball
1-0: SINGLE (Groundball, 34D, EV 97.5 MPH)
Batting: LHB Daryl Boston 0-0: Ball
Wild Pitch!
Joe Girardi to second
1-0: Foul Ball, location: 2F
1-1: Ball
2-1: 2-RUN HOME RUN (Flyball, 8RXD, EV 101.9 MPH), Distance : 455 ft
Batting: RHB Eric Young 0-0: Called Strike
0-1: Ball
1-1: Reached on error, E6 (Groundball, 6, EV 81.3 MPH)
Batting: RHB Ron Coomer 0-0: Ball
1-0: Called Strike
1-1: Ball
2-1: Ball
3-1: Foul Ball, location: 2F
3-2: SINGLE (Groundball, 56D, EV 103.8 MPH)
Eric Young to third
Batting: SHB Chad Fonville 0-0: Ball
1-0: Swinging Strike
1-1: Swinging Strike
1-2: Ball
2-2: Ball
3-2: SINGLE (Groundball, 3, EV 108.1 MPH) (infield hit)
Eric Young scores
Ron Coomer to second
Batting: RHB Jose Guillen 0-0: Foul Ball, location: 2F
0-1: Swinging Strike
0-2: Ball
1-2: Strikes out swinging
Batting: RHB Russ Davis 0-0: SINGLE (Line Drive, 9S, EV 85.0 MPH)
Ron Coomer to third
Chad Fonville to second
Batting: SHB Micah Franklin 0-0: Ball
1-0: Foul Ball, location: 2F
1-1: Foul Ball, location: 2F
1-2: Foul Ball, location: 2F
1-2: Strikes out looking
Bottom of the 4th over - 3 runs, 5 hits, 1 error, 3 left on base; Spokane 2 - Tacoma 4
TOP OF THE 5TH
Spokane River Rats batting - Pitching for Tacoma Rainiers : RHP Brad Rigby
Batting: LHB Andy Fox 0-0: Swinging Strike
0-1: Foul Ball, location: 2F
0-2: Ball
1-2: Ground out 6-3 (Groundball, 6, EV 87.5 MPH)
Batting: LHB Michael Tucker 0-0: Ball
1-0: Ball
2-0: Swinging Strike
2-1: Fly out, F8 (Flyball, 78D, EV 90.6 MPH)
Batting: SHB Gene Kingsale 0-0: Ball
1-0: Ball
2-0: Called Strike
2-1: Foul Ball, location: 2F
2-2: Fly out, F9 (Flyball, 89M, EV 88.8 MPH)
Top of the 5th over - 0 runs, 0 hits, 0 errors, 0 left on base; Spokane 2 - Tacoma 4
BOTTOM OF THE 5TH
Tacoma Rainiers batting - Pitching for Spokane River Rats : LHP Scott Eyre
Batting: LHB Chito Martinez 0-0: Called Strike
0-1: Ball
1-1: Ball
2-1: Foul Ball, location: 2F
2-2: Strikes out looking
Batting: RHB Joe Girardi 0-0: Called Strike
0-1: Foul Ball, location: 2F
0-2: Ball
1-2: Foul Ball, location: 2F
1-2: Ball
2-2: Ball
3-2: Base on Balls
Batting: LHB Daryl Boston 0-0: Ball
1-0: Fly out, F6 (Popup, 6S, EV 70.0 MPH)
Batting: RHB Eric Young 0-0: Fielders Choice at 2nd, 6-4 (Groundball, 56, EV 105.6 MPH)
Bottom of the 5th over - 0 runs, 0 hits, 0 errors, 1 left on base; Spokane 2 - Tacoma 4
TOP OF THE 6TH
Spokane River Rats batting - Pitching for Tacoma Rainiers : RHP Brad Rigby
Batting: RHB Tony Rodriguez 0-0: SOLO HOME RUN (Flyball, 7D, EV 111.3 MPH), Distance : 398 ft
Batting: SHB Luis M. Lopez 0-0: Foul Ball, location: 2F
0-1: Called Strike
0-2: Foul Ball, location: 2F
0-2: Ball
1-2: Ball
2-2: Fly out, F8 (Flyball, 78S, EV 86.9 MPH)
Batting: RHB Mark Dalesandro 0-0: Called Strike
0-1: Ball
1-1: Called Strike
1-2: Foul Ball, location: 2F
1-2: SINGLE (Flyball, 89S, EV 95.0 MPH)
Batting: SHB Doug Brady 0-0: Foul Ball, location: 2F
0-1: Foul Ball, location: 2F
0-2: Strikes out swinging
Batting: RHB Jose Lind 0-0: Foul Ball, location: 2F
0-1: SINGLE (Groundball, 4MD, EV 107.5 MPH)
Mark Dalesandro to second
Batting: SHB Chuck Carr 0-0: Foul Ball, location: 2F
0-1: Fly out, F8 (Flyball, 89D, EV 103.8 MPH)
Top of the 6th over - 1 run, 3 hits, 0 errors, 2 left on base; Spokane 3 - Tacoma 4
BOTTOM OF THE 6TH
Tacoma Rainiers batting - Pitching for Spokane River Rats : LHP Scott Eyre
Pitching: RHP Anthony Chavez
Batting: RHB Ron Coomer 0-0: Ball
1-0: Ball
2-0: SINGLE (Groundball, 4S, EV 85.0 MPH) (infield hit)
Batting: SHB Chad Fonville 0-0: Sac Bunt to 13S - play at first, batter OUT! 1-3
Ron Coomer to second
Batting: RHB Jose Guillen 0-0: Fly out, F3 (Popup, 34, EV 65.0 MPH)
Batting: RHB Russ Davis 0-0: Ball
1-0: Called Strike
1-1: Ball
2-1: Foul Ball, location: 2F
2-2: Ground out 5-3 (Groundball, 5L, EV 93.8 MPH)
Bottom of the 6th over - 0 runs, 1 hit, 0 errors, 1 left on base; Spokane 3 - Tacoma 4
TOP OF THE 7TH
Spokane River Rats batting - Pitching for Tacoma Rainiers : RHP Brad Rigby
Pitching: LHP Jeff Wallace
Batting: LHB Andy Fox 0-0: Swinging Strike
0-1: Foul Ball, location: 2F
0-2: Ball
1-2: Ball
2-2: SINGLE (Line Drive, 89M, EV 86.3 MPH)
Batting: LHB Michael Tucker 0-0: Foul Ball, location: 2F
0-1: Ball
1-1: Foul Ball, location: 2F
1-2: Strikes out looking
Batting: SHB Gene Kingsale 0-0: Ball
1-0: Ball
2-0: Swinging Strike
2-1: Called Strike
2-2: Strikes out looking
Batting: RHB Tony Rodriguez 0-0: Ball
1-0: SINGLE (Flyball, 9S, EV 98.1 MPH)
Andy Fox to second
Runner from 2nd tries for 3rd, SAFE, no throw by RF
Batting: SHB Luis M. Lopez 0-0: Called Strike
0-1: Called Strike
0-2: Ball
1-2: Ball
2-2: Foul Ball, location: 2F
2-2: Ball
3-2: Base on Balls
Tony Rodriguez to second
Pitching: RHP Sean Maloney
Batting: RHB Mark Dalesandro 0-0: Called Strike
0-1: Ball
1-1: Foul Ball, location: 2F
1-2: Ball
2-2: Ball
3-2: Ground out U3 (Groundball, 34, EV 101.9 MPH)
Top of the 7th over - 0 runs, 2 hits, 0 errors, 3 left on base; Spokane 3 - Tacoma 4
BOTTOM OF THE 7TH
Tacoma Rainiers batting - Pitching for Spokane River Rats : RHP Anthony Chavez
Batting: SHB Micah Franklin 0-0: Called Strike
0-1: Swinging Strike
0-2: Ball
1-2: Foul Ball, location: 2F
1-2: Ball
2-2: Ball
3-2: Base on Balls
Batting: LHB Chito Martinez 0-0: Foul Ball, location: 2F
0-1: Foul Ball, location: 2F
0-2: Ball
1-2: Foul Ball, location: 2F
1-2: Foul Ball, location: 2F
1-2: Fielders Choice at 2nd, 5-4 (Groundball, 56, EV 80.6 MPH)
Batting: RHB Joe Girardi 0-0: Called Strike
0-1: Foul Ball, location: 2F
0-2: Ball
1-2: 2-RUN HOME RUN (Flyball, 7D, EV 98.1 MPH), Distance : 397 ft
Batting: LHB Daryl Boston 0-0: Called Strike
0-1: Ball
1-1: Called Strike
1-2: Ball
2-2: Ball
3-2: Base on Balls
Pitching: LHP Bobby M Jones
Batting: RHB Eric Young 0-0: Called Strike
0-1: TRIPLE (Line Drive, 78XD, EV 106.9 MPH)
Daryl Boston scores
Batting: RHB Ron Coomer 0-0: Called Strike
Steal of home, Eric Young is out
0-1: Ball
1-1: Called Strike
1-2: Strikes out looking
Bottom of the 7th over - 3 runs, 2 hits, 0 errors, 0 left on base; Spokane 3 - Tacoma 7
TOP OF THE 8TH
Spokane River Rats batting - Pitching for Tacoma Rainiers : RHP Sean Maloney
Batting: SHB Doug Brady 0-0: Called Strike
0-1: Ball
1-1: Swinging Strike
1-2: Ball
2-2: Foul Ball, location: 2F
2-2: Ball
3-2: Foul Ball, location: 2F
3-2: SINGLE (Flyball, 78S, EV 94.4 MPH) - OUT at second base trying to stretch hit.
Batting: RHB Jose Lind 0-0: Ball
1-0: Swinging Strike
1-1: Reached on error, E5 (Groundball, 56S, EV 81.9 MPH)
Batting: SHB Chuck Carr 0-0: Reached on error, E3 (Groundball, 34, EV 78.1 MPH)
Jose Lind scores
Batting: LHB Andy Fox 0-0: Called Strike
0-1: Ball
1-1: 2-RUN HOME RUN (Flyball, 7LD, EV 103.1 MPH), Distance : 346 ft
Pitching: RHP Carlos Reyes
Batting: LHB Michael Tucker 0-0: Ball
1-0: Ball
2-0: Called Strike
2-1: Foul Ball, location: 2F
2-2: Ball
3-2: Foul Ball, location: 2F
3-2: Strikes out swinging
Batting: SHB Gene Kingsale 0-0: Foul Ball, location: 2F
0-1: SINGLE (Groundball, 4MD, EV 93.8 MPH)
Batting: RHB Tony Rodriguez 0-0: Ball
1-0: Ball
2-0: Ball
3-0: Foul Ball, location: 2F
3-1: Swinging Strike
3-2: 2-RUN HOME RUN (Flyball, 78XD, EV 111.3 MPH), Distance : 430 ft
Batting: SHB Luis M. Lopez 0-0: Called Strike
0-1: Ball
1-1: Swinging Strike
1-2: Foul Ball, location: 2F
1-2: Ball
2-2: Foul Ball, location: 2F
2-2: SINGLE (Flyball, 7LS, EV 83.1 MPH)
Pitching: RHP Tavo Alvarez
Batting: RHB Mark Dalesandro 0-0: Ball
1-0: Foul Ball, location: 2F
1-1: Ball
2-1: Called Strike
2-2: Ball
3-2: Foul Ball, location: 2F
3-2: Foul Ball, location: 2F
3-2: Foul Ball, location: 2F
3-2: Base on Balls
Luis M. Lopez to second
Pinch Runner at 2nd Takuro Ishii:
Batting: SHB Doug Brady 0-0: Called Strike
0-1: Ball
1-1: Ball
2-1: Fly out, F5 (Popup, 56, EV 76.3 MPH)
Top of the 8th over - 5 runs, 5 hits, 2 errors, 2 left on base; Spokane 8 - Tacoma 7
BOTTOM OF THE 8TH
Tacoma Rainiers batting - Pitching for Spokane River Rats : LHP Bobby M Jones
Now at SS: Takuro Ishii
Batting: SHB Chad Fonville 0-0: Ball
1-0: Fly out, F8 (Flyball, 8LS, EV 87.5 MPH)
Batting: RHB Jose Guillen 0-0: Swinging Strike
0-1: Swinging Strike
0-2: Ball
1-2: Reached on error, E8 (Flyball, 8LD, EV 85.0 MPH)
Batting: RHB Russ Davis 0-0: Called Strike
0-1: Ball
1-1: Ball
2-1: Foul Ball, location: 2F
2-2: Strikes out swinging
Batting: SHB Micah Franklin 0-0: Fly out, F4 (Line Drive, 4, EV 68.1 MPH)
Bottom of the 8th over - 0 runs, 0 hits, 1 error, 1 left on base; Spokane 8 - Tacoma 7
TOP OF THE 9TH
Spokane River Rats batting - Pitching for Tacoma Rainiers : RHP Tavo Alvarez
Batting: RHB Jose Lind 0-0: Ball
1-0: SINGLE (Line Drive, 78S, EV 90.0 MPH)
Batting: SHB Chuck Carr 0-0: Ball
1-0: Bunt missed!
1-1: Bunt missed!
1-2: Ball
2-2: Fielders Choice at 2nd, 2-4 (Groundball, 2L, EV 61.3 MPH)
Batting: LHB Andy Fox 0-0: Foul Ball, location: 2F
0-1: Fielders Choice at 2nd, 4-6 (Groundball, 4M, EV 107.5 MPH)
Batting: LHB Michael Tucker 0-0: Called Strike
0-1: Fly out, F7 (Line Drive, 7, EV 110.6 MPH)
Top of the 9th over - 0 runs, 1 hit, 0 errors, 1 left on base; Spokane 8 - Tacoma 7
BOTTOM OF THE 9TH
Tacoma Rainiers batting - Pitching for Spokane River Rats : LHP Bobby M Jones
Pitching: LHP Matt Whisenant
Batting: LHB Chito Martinez 0-0: Foul Ball, location: 2F
0-1: Swinging Strike
0-2: Foul Ball, location: 2F
0-2: Ball
1-2: Strikes out swinging
Batting: RHB Joe Girardi 0-0: Called Strike
0-1: Swinging Strike
0-2: Strikes out swinging
Batting: LHB Daryl Boston 0-0: Swinging Strike
0-1: Called Strike
0-2: Ball
1-2: Ground out 4-3 (Groundball, 4S, EV 85.0 MPH)
Bottom of the 9th over - 0 runs, 0 hits, 0 errors, 0 left on base; Spokane 8 - Tacoma 7
Thursday, January 22nd, 2026 - OOTP Baseball 20.8 Build 74